 Dungeon Crawl Stone Soup version 0.30-a0-141-g30f27751c5 (webtiles) character file.

Game seed: 680249097385136553

48 SigmundSlayer the Magician (level 3, -6/24 HPs)
             Began as a Demonspawn Earth Elementalist on Sept 25, 2022.
             Was an Initiate of Vehumet.
             Killed by divine providence
             ... invoked by an orc priest
              (14 damage)
             ... on level 4 of the Dungeon.
             The game lasted 00:02:21 (1946 turns).

SigmundSlayer the Magician (DsEE)                   Turns: 1946, Time: 00:02:22

Health: -6/24      AC:  3    Str:  8    XL:     3   Next: 50%
Magic:  3/8        EV: 12    Int: 18    God:    Vehumet [......]
Gold:   49         SH:  0    Dex: 13    Spells: 8/9 levels left

rFire   . . .      SeeInvis .    g - +1 short sword (venom)
rCold   . . .      Faith    .    (no shield)
rNeg    . . .      Spirit   .    a - +1 robe
rPois   .          Reflect  .    (no helmet)
rElec   .          Harm     .    (no cloak)
rCorr   .          Rampage  .    (no gloves)
Will    .....                    (no boots)
Stlth   ++........               d - amulet of the acrobat
HPRegen 0.08/turn                (no ring)
MPRegen 0.11/turn                (no ring)

@: no status effects
A: claws 2
a: Renounce Religion


You were on level 4 of the Dungeon.
You worshipped Vehumet.
Vehumet was noncommittal.
You visited 1 branch of the dungeon, and saw 4 of its levels.

You collected 49 gold pieces.

Inventory:

Hand Weapons
 g - a +1 short sword of venom (weapon)
Armour
 a - a +1 robe (worn)
Jewellery
 d - an amulet of the acrobat (around neck)
Wands
 m - a wand of mindburst (12)
 p - a wand of polymorph (6)
Scrolls
 e - 2 scrolls of enchant armour
 f - a scroll of amnesia
 o - 2 scrolls of teleportation
Potions
 b - a potion of magic
 c - 2 potions of flight {unknown}
 h - 4 potions of curing {unknown}
 i - a potion of might {unknown}
 j - 2 potions of brilliance {unknown}
 k - a potion of berserk rage {unknown}
 l - a potion of cancellation {unknown}
 n - a potion of heal wounds {unknown}


   Skills:
 - Level 1.7 Dodging
 - Level 1.7 Stealth
 + Level 3.7 Spellcasting
 - Level 0.8 Transmutations
 - Level 2.6 Earth Magic


You had 8 spell levels left.
You knew the following spells:

 Your Spells              Type           Power      Damage    Failure   Level
a - Sandblast             Erth           26%        2d8       4%          1

Your spell library contained the following spells:

 Spells                   Type           Power      Damage    Failure   Level
 Passwall                 Tmut/Erth      7%         N/A       11%         2
 Magic Dart               Conj           12%        1d3       16%         1
 Searing Ray              Conj           6%         2d4       22%         2
 Stone Arrow              Conj/Erth      16%        3d8       26%         3
 Petrify                  Tmut/Erth      9%         N/A       58%         4
 Fulminant Prism          Conj/Hex       1%         3d6       83%         4


Dungeon Overview and Level Annotations

Branches:
Dungeon (3/15)

Altars:
Vehumet

Annotations:
D:3 exclusion: statue


Innate Abilities, Weirdness & Mutations

You have very sharp fingernails.


Message History

The orc shouts!
The endoplasm quivers.
The orc priest calls down the wrath of Beogh upon you.
Beogh smites you!
Ouch! That really hurt!
You hear an angry hiss.
You see here a dart slug corpse.
There is an open door here.
A ball python comes into view.
You close the door.
An orc wizard opens the door.
Aiming: Sandblast (safe; 4% risk of failure)
Press: ? - help, Q - select action, (/) - cycle Shift-Dir - straight line, f - endoplasm
Aim: an endoplasm (98% to hit)
The blast of sand hits the endoplasm!
You kill the endoplasm!
Vehumet accepts your kill.
Aiming: Sandblast (safe; 4% risk of failure)
Press: ? - help, Q - select action, (/) - cycle Shift-Dir - straight line, f - orc
Aim: an orc, wielding a +0 flail of protection and wearing a +0 leather armour (82% to hit)
The blast of sand hits the orc but does no damage.
A ball python comes into view.
A rat comes into view.
Aiming: Sandblast (safe; 4% risk of failure)
Press: ? - help, Q - select action, (/) - cycle Shift-Dir - straight line, f/p - orc
Aim: an orc, wielding a +0 flail of protection and wearing a +0 leather armour (82% to hit)
The blast of sand misses the orc.
The blast of sand hits the orc wizard.
The orc wizard is heavily wounded.
The ball python hisses angrily.
The orc closely misses you.
Aiming: Sandblast (safe; 4% risk of failure)
Press: ? - help, Q - select action, (/) - cycle Shift-Dir - straight line, f/p - orc
Aim: an orc, wielding a +0 flail of protection and wearing a +0 leather armour (82% to hit)
The blast of sand hits the orc.
The orc is moderately wounded.
A ball python comes into view.
The orc hits you with a +0 flail of protection.
The orc priest calls down the wrath of Beogh upon you.
Beogh smites you!
Ouch! That really hurt!
You die...

..............#.
#######.......#
##......# #...##### ##
####.......# .######
#......##.## .).....
#.....[##.# ####.S.....
#......##.####.r........
#......##...@oo.S.......
#....#########o.........
#....# #..........
#....# #..........
#....# #.......... #....
##......... #....
##########


You could see an orc priest, an orc wizard, an orc, 2 ball pythons and a rat.

Vanquished Creatures
  A gnoll (D:1)
  2 worms (D:2)
  3 dart slugs
  4 endoplasms
  A giant cockroach (D:2)
  A hobgoblin (D:1)
  4 kobolds
  2 ball pythons (D:1)
  4 bats
  3 frilled lizards
  3 rats
28 creatures vanquished.

Vanquished Creatures (others)
  A plant (D:2)
1 creature vanquished.

Grand Total: 29 creatures vanquished

Notes
Turn   | Place    | Note
-------+----------+-------------------------------------------
     0 | D:1      | SigmundSlayer the Demonspawn Earth Elementalist began the
                  | quest for the Orb.
     0 | D:1      | Reached XP level 1. HP: 13/13 MP: 3/3
   473 | D:1      | Gained mutation: You have sharp fingernails. [demonic
                  | ancestry]
   473 | D:1      | Reached XP level 2. HP: 10/19 MP: 0/5
   684 | D:1      | Reached skill level 3 in Spellcasting
  1036 | D:2      | Found a faded altar of an unknown god.
  1110 | D:2      | Gained mutation: You have very sharp fingernails. [demonic
                  | ancestry]
  1110 | D:2      | Reached XP level 3. HP: 24/24 MP: 5/7
  1704 | D:3      | Found a radiant altar of Vehumet.
  1706 | D:3      | Noticed a charred statue
  1715 | D:3      | Became a worshipper of Vehumet
  1818 | D:3      | You fall into a shaft and drop 1 floor!
  1946 | D:4      | Killed from afar by an orc priest

Illustrated notes

Levels and vault maps discovered:
D:1:      eino_arrival_water_star, layout_basic
D:2:      layout_loops_ring, shapermc_ecumenical_altar_mp_urbaneastern,
          nrook_campfire
D:3:      layout_loops_ring, okawaru_metal_pillars_1_2, vehumet_statue
D:4:      layout_basic, portal_sewer_entry_b

Skill      XL: |  1  2 |
---------------+-------+-----
Spellcasting   | 3 |  3.7
Dodging        | |  1.7
Stealth        | |  1.7
Transmutations | |  0.8
Earth Magic    | |  2.6

Action                   || total
-------------------------++-------
Melee: Short sword       ||    13
 Cast: Sandblast         ||    45
  Use: Scroll            ||     3
Armor: Robe              ||     4
Dodge: Dodged            ||    11

Table legend: (Time is in decaauts)
 A = Elapsed time spent in this place.
 B = Non-inter-level travel time spent in this place.
 C = Inter-level travel time spent in this place.
 D = Time resting spent in this place.
 E = Time spent auto-exploring this place.
 F = Levels seen in this place.
 G = Mean time per level.
                   A        B        C        D        E       F      G
               +--------+--------+--------+--------+--------+-----+--------+
         Total |   1968 |   1941 |     27 |    172 |   1492 |   4 |  492.0 |
       Dungeon |   1968 |   1941 |     27 |    172 |   1492 |   4 |  492.0 |
               +--------+--------+--------+--------+--------+-----+--------+

Top non-repeatable levels by time:
     D:1: 871 daAuts
     D:2: 773 daAuts
     D:3: 192 daAuts
     D:4: 131 daAuts
